| TOP OF THE 1ST |
|
Panama City Capitales batting - Pitching for Cabo San Lucas Worms : RHP Jim Gott
|
|
Pitching: RHP Jim Gott
|
|
|
Batting: LHB Jessie Reid
|
0-0: Ball 1-0: Ball 2-0: Ball 3-0: Called Strike 3-1: Base on Balls
|
|
Batting: SHB Stan Javier
|
0-0: Ball Jessie Reid steals 2nd base 1-0: Called Strike 1-1: Swinging Strike 1-2: Ball 2-2: Ball 3-2: Base on Balls
|
|
Batting: LHB George Kaage
|
0-0: Ball 1-0: Ball 2-0: Called Strike 2-1: Swinging Strike 2-2: Foul Ball, location: 2F 2-2: Ball 3-2: Foul Ball, location: 2F 3-2: Base on Balls Jessie Reid to third Stan Javier to second
|
|
Batting: RHB Armando Moreno
|
0-0: Ball 1-0: Ball 2-0: Ball 3-0: Base on Balls Jessie Reid scores Stan Javier to third George Kaage to second
|
|
Batting: LHB Fernando Vazquez
|
0-0: Called Strike 0-1: Ball 1-1: Ball 2-1: Foul Ball, location: 2F 2-2: Strikes out swinging
|
|
Batting: LHB Jordan Medrano
|
0-0: Ball 1-0: Ball 2-0: Ball 3-0: Called Strike 3-1: Base on Balls Stan Javier scores George Kaage to third Armando Moreno to second
|
|
Batting: LHB Tony Ramirez
|
0-0: Ball 1-0: Foul Ball, location: 2F 1-1: Ball 2-1: Foul Ball, location: 2F 2-2: Fly out, F4 (Popup, 4M, EV 53.8 MPH)
|
|
Batting: SHB Mark Bailey
|
0-0: Ball 1-0: Called Strike 1-1: Ball 2-1: SINGLE (Groundball, 23, EV 66.3 MPH) (infield hit) George Kaage scores Armando Moreno to third Jordan Medrano to second
|
|
Batting: RHB Gary Holden
|
0-0: Ball 1-0: Called Strike 1-1: Ball 2-1: Foul Ball, location: 2F 2-2: Foul Ball, location: 2F 2-2: Strikes out looking
|
| Top of the 1st over - 3 runs, 1 hit, 0 errors, 3 left on base; Panama City 3 - Cabo San Lucas 0 |
| BOTTOM OF THE 1ST |
|
Cabo San Lucas Worms batting - Pitching for Panama City Capitales : LHP Chuck Dougherty
|
|
Pitching: LHP Chuck Dougherty
|
|
|
Batting: SHB Mike Felder
|
0-0: Called Strike 0-1: Foul Ball, location: 2F 0-2: Strikes out looking
|
|
Batting: SHB Larry Reynolds
|
0-0: Ball 1-0: Called Strike 1-1: Called Strike 1-2: Ball 2-2: Strikes out swinging, 2-3 out at first.
|
|
Batting: LHB Louie Meadows
|
0-0: Ball 1-0: Ground out 5-3 (Groundball, 56, EV 85.0 MPH)
|
| Bottom of the 1st over - 0 runs, 0 hits, 0 errors, 0 left on base; Panama City 3 - Cabo San Lucas 0 |
| TOP OF THE 2ND |
|
Panama City Capitales batting - Pitching for Cabo San Lucas Worms : RHP Jim Gott
|
|
Batting: LHB Jessie Reid
|
0-0: Ball 1-0: Ball 2-0: Called Strike 2-1: Foul Ball, location: 2F 2-2: Ball 3-2: Fly out, F7 (Flyball, 78S, EV 93.1 MPH)
|
|
Batting: SHB Stan Javier
|
0-0: Ball 1-0: SINGLE (Groundball, 4MD, EV 110.0 MPH)
|
|
Batting: LHB George Kaage
|
0-0: Called Strike 0-1: Ball 1-1: Ball 2-1: Ball 3-1: Base on Balls Stan Javier to second
|
|
Batting: RHB Armando Moreno
|
0-0: Ball 1-0: SINGLE (Line Drive, 78S, EV 110.6 MPH) Stan Javier to third George Kaage to second Runner from 3rd tries for Home, SAFE, throw by LF to home
|
|
Batting: LHB Fernando Vazquez
|
0-0: Foul Ball, location: 2F 0-1: SINGLE (Line Drive, 78S, EV 101.9 MPH) George Kaage to third Armando Moreno to second
|
|
Batting: LHB Jordan Medrano
|
0-0: Foul Ball, location: 2F 0-1: Ball 1-1: Grounds into double play, 4-6-3 (Groundball, 4, EV 84.4 MPH)
|
| Top of the 2nd over - 1 run, 3 hits, 0 errors, 2 left on base; Panama City 4 - Cabo San Lucas 0 |
| BOTTOM OF THE 2ND |
|
Cabo San Lucas Worms batting - Pitching for Panama City Capitales : LHP Chuck Dougherty
|
|
Batting: RHB Paul Zuvella
|
0-0: Ball 1-0: Called Strike 1-1: Ground out 3-1 (Groundball, 34S, EV 80.0 MPH)
|
|
Batting: LHB Ernie Riles
|
0-0: Called Strike 0-1: Called Strike 0-2: Ball 1-2: SINGLE (Groundball, 4M, EV 104.4 MPH) (infield hit)
|
|
Batting: RHB Todd Smith
|
0-0: Fielders Choice at 2nd, 4-6 (Groundball, 34, EV 86.9 MPH)
|
|
Batting: RHB Andrew Barbee
|
0-0: Called Strike 0-1: Called Strike 0-2: Ball 1-2: Strikes out swinging
|
| Bottom of the 2nd over - 0 runs, 1 hit, 0 errors, 1 left on base; Panama City 4 - Cabo San Lucas 0 |
| TOP OF THE 3RD |
|
Panama City Capitales batting - Pitching for Cabo San Lucas Worms : RHP Jim Gott
|
|
Batting: LHB Tony Ramirez
|
0-0: Ball 1-0: Ball 2-0: Ball 3-0: Base on Balls
|
|
Batting: SHB Mark Bailey
|
0-0: Called Strike 0-1: Foul Ball, location: 2F 0-2: Ball 1-2: DOUBLE (Line Drive, 89D, EV 107.5 MPH) Tony Ramirez to third Runner from 3rd tries for Home, SAFE, no throw by RF
|
|
Pitching: RHP Lee Tunnell
|
|
|
Batting: RHB Gary Holden
|
0-0: Ball 1-0: Ground out 5-3 (Groundball, 5L, EV 84.4 MPH)
|
|
Batting: LHB Jessie Reid
|
0-0: Ball 1-0: Swinging Strike 1-1: Called Strike 1-2: Ball 2-2: Strikes out swinging
|
|
Batting: SHB Stan Javier
|
0-0: Called Strike 0-1: Ball 1-1: Foul Ball, location: 2F 1-2: Strikes out looking
|
| Top of the 3rd over - 1 run, 1 hit, 0 errors, 1 left on base; Panama City 5 - Cabo San Lucas 0 |
| BOTTOM OF THE 3RD |
|
Cabo San Lucas Worms batting - Pitching for Panama City Capitales : LHP Chuck Dougherty
|
|
Batting: LHB Derwin McNealy
|
0-0: Ball 1-0: Ball 2-0: Ball 3-0: Called Strike 3-1: Foul Ball, location: 2F 3-2: Fly out, F9 (Flyball, 9D, EV 107.5 MPH)
|
|
Batting: RHB Bill Pecota
|
0-0: Called Strike 0-1: Foul Ball, location: 2F 0-2: Ball 1-2: DOUBLE (Line Drive, 89D, EV 110.6 MPH)
|
|
Batting: SHB Mike Felder
|
0-0: Called Strike 0-1: Ball Wild Pitch! Bill Pecota to third 1-1: Swinging Strike 1-2: Ball 2-2: Foul Ball, location: 2F 2-2: Strikes out swinging
|
|
Batting: SHB Larry Reynolds
|
0-0: Called Strike 0-1: Ball 1-1: Foul Ball, location: 2F 1-2: Foul Ball, location: 2F 1-2: Ball 2-2: Fly out, F9 (Line Drive, 9, EV 90.6 MPH)
|
| Bottom of the 3rd over - 0 runs, 1 hit, 0 errors, 1 left on base; Panama City 5 - Cabo San Lucas 0 |
| TOP OF THE 4TH |
|
Panama City Capitales batting - Pitching for Cabo San Lucas Worms : RHP Lee Tunnell
|
|
Batting: LHB George Kaage
|
0-0: Ball 1-0: Called Strike 1-1: Foul Ball, location: 2F 1-2: Ball 2-2: DOUBLE (Line Drive, 3D, EV 100.0 MPH)
|
|
Batting: RHB Armando Moreno
|
0-0: Ball 1-0: Called Strike 1-1: Foul Ball, location: 2F 1-2: Fly out, F8 (Flyball, 8LM, EV 89.4 MPH)
|
|
Batting: LHB Fernando Vazquez
|
0-0: Ball 1-0: Called Strike 1-1: Swinging Strike 1-2: Foul Ball, location: 2F 1-2: 2-RUN HOME RUN (Flyball, 89XD, EV 93.8 MPH), Distance : 442 ft
|
|
Batting: LHB Jordan Medrano
|
0-0: Ball 1-0: Ball 2-0: Ball 3-0: Base on Balls
|
|
Batting: LHB Tony Ramirez
|
0-0: Called Strike 0-1: Ball 1-1: Swinging Strike 1-2: Foul Ball, location: 2F 1-2: Grounds into double play, 5-4-3 (Groundball, 5, EV 77.5 MPH)
|
| Top of the 4th over - 2 runs, 2 hits, 0 errors, 0 left on base; Panama City 7 - Cabo San Lucas 0 |
| BOTTOM OF THE 4TH |
|
Cabo San Lucas Worms batting - Pitching for Panama City Capitales : LHP Chuck Dougherty
|
|
Batting: LHB Louie Meadows
|
0-0: Ball 1-0: Called Strike 1-1: Ball 2-1: Foul Ball, location: 2F 2-2: Strikes out swinging
|
|
Batting: RHB Paul Zuvella
|
0-0: Called Strike 0-1: Ground out 5-3 (Groundball, 56, EV 87.5 MPH)
|
|
Batting: LHB Ernie Riles
|
0-0: Ball 1-0: Ball 2-0: Called Strike 2-1: Ball 3-1: Ground out 4-3 (Groundball, 4, EV 81.3 MPH)
|
| Bottom of the 4th over - 0 runs, 0 hits, 0 errors, 0 left on base; Panama City 7 - Cabo San Lucas 0 |
| TOP OF THE 5TH |
|
Panama City Capitales batting - Pitching for Cabo San Lucas Worms : RHP Lee Tunnell
|
|
Batting: SHB Mark Bailey
|
0-0: Ball 1-0: Foul Ball, location: 2F 1-1: Fly out, F8 (Flyball, 8LM, EV 88.1 MPH)
|
|
Batting: RHB Gary Holden
|
0-0: Ball 1-0: Called Strike 1-1: Ball 2-1: Ball 3-1: Foul Ball, location: 2F 3-2: Foul Ball, location: 2F 3-2: Strikes out looking
|
|
Batting: LHB Jessie Reid
|
0-0: Ball 1-0: Ball 2-0: Ground out 4-3 (Groundball, 4, EV 80.0 MPH)
|
| Top of the 5th over - 0 runs, 0 hits, 0 errors, 0 left on base; Panama City 7 - Cabo San Lucas 0 |
| BOTTOM OF THE 5TH |
|
Cabo San Lucas Worms batting - Pitching for Panama City Capitales : LHP Chuck Dougherty
|
|
Batting: RHB Todd Smith
|
0-0: Ball 1-0: Called Strike 1-1: Fly out, F6 (Flyball, 6D, EV 88.1 MPH)
|
|
Batting: RHB Andrew Barbee
|
0-0: Called Strike 0-1: Ball 1-1: Foul Ball, location: 2F 1-2: Ball 2-2: Foul Ball, location: 2F 2-2: Strikes out swinging
|
|
Batting: LHB Derwin McNealy
|
0-0: Ball 1-0: Ball 2-0: Foul Ball, location: 2F 2-1: Swinging Strike 2-2: Ball 3-2: Strikes out looking
|
| Bottom of the 5th over - 0 runs, 0 hits, 0 errors, 0 left on base; Panama City 7 - Cabo San Lucas 0 |
| TOP OF THE 6TH |
|
Panama City Capitales batting - Pitching for Cabo San Lucas Worms : RHP Lee Tunnell
|
|
Batting: SHB Stan Javier
|
0-0: Ball 1-0: Called Strike 1-1: Ball 2-1: Foul Ball, location: 2F 2-2: Foul Ball, location: 2F 2-2: SINGLE (Line Drive, 89M, EV 97.5 MPH)
|
|
Batting: LHB George Kaage
|
0-0: Called Strike 0-1: Ball 1-1: Ground out 6-3 (Groundball, 6MS, EV 82.5 MPH) Stan Javier to second
|
|
Batting: RHB Armando Moreno
|
0-0: Ball 1-0: DOUBLE (Line Drive, 7LS, EV 108.1 MPH) Stan Javier scores
|
|
Pitching: RHP Bob Tewksbury
|
|
|
Batting: LHB Fernando Vazquez
|
0-0: Called Strike 0-1: Hit by Pitch
|
|
Batting: LHB Jordan Medrano
|
0-0: Swinging Strike 0-1: Swinging Strike 0-2: Ball 1-2: Foul Ball, location: 2F 1-2: Fielders Choice at 2nd, 4-6 (Groundball, 4M, EV 89.4 MPH) Armando Moreno to third
|
|
Batting: LHB Tony Ramirez
|
0-0: Called Strike 0-1: Ball 1-1: Fly out, F9 (Flyball, 9, EV 88.1 MPH)
|
| Top of the 6th over - 1 run, 2 hits, 0 errors, 2 left on base; Panama City 8 - Cabo San Lucas 0 |
| BOTTOM OF THE 6TH |
|
Cabo San Lucas Worms batting - Pitching for Panama City Capitales : LHP Chuck Dougherty
|
|
Batting: RHB Bill Pecota
|
0-0: Ground out 6-3 (Groundball, 6, EV 94.4 MPH)
|
|
Batting: SHB Mike Felder
|
0-0: Ground out 5-3 (Groundball, 5, EV 88.1 MPH)
|
|
Batting: SHB Larry Reynolds
|
0-0: Ground out 4-3 (Groundball, 4S, EV 85.6 MPH)
|
| Bottom of the 6th over - 0 runs, 0 hits, 0 errors, 0 left on base; Panama City 8 - Cabo San Lucas 0 |
| TOP OF THE 7TH |
|
Panama City Capitales batting - Pitching for Cabo San Lucas Worms : RHP Bob Tewksbury
|
|
Batting: SHB Mark Bailey
|
0-0: Called Strike 0-1: Swinging Strike 0-2: Strikes out looking
|
|
Pinch Hitting: RHB Douglas Foster
|
0-0: Called Strike 0-1: Called Strike 0-2: Strikes out swinging
|
|
Batting: LHB Jessie Reid
|
0-0: Ground out 5-3 (Groundball, 56S, EV 88.1 MPH)
|
| Top of the 7th over - 0 runs, 0 hits, 0 errors, 0 left on base; Panama City 8 - Cabo San Lucas 0 |
| BOTTOM OF THE 7TH |
|
Cabo San Lucas Worms batting - Pitching for Panama City Capitales : LHP Chuck Dougherty
|
|
Now in LF: Douglas Foster
|
|
|
Pinch Hitting: LHB Roger Hill
|
0-0: Ball 1-0: Foul Ball, location: 2F 1-1: Ball 2-1: SINGLE (Groundball, 56, EV 97.5 MPH)
|
|
Batting: RHB Paul Zuvella
|
0-0: Grounds into double play, 6-4-3 (Groundball, 6, EV 105.6 MPH)
|
|
Batting: LHB Ernie Riles
|
0-0: Ball 1-0: Fly out, F4 (Flyball, 4MD, EV 83.8 MPH)
|
| Bottom of the 7th over - 0 runs, 1 hit, 0 errors, 0 left on base; Panama City 8 - Cabo San Lucas 0 |
| TOP OF THE 8TH |
|
Panama City Capitales batting - Pitching for Cabo San Lucas Worms : RHP Bob Tewksbury
|
|
Now in LF: Joseph Bruno
|
|
|
Batting: SHB Stan Javier
|
0-0: Ball 1-0: Ball 2-0: Ball 3-0: Base on Balls
|
|
Batting: LHB George Kaage
|
0-0: Ball 1-0: Called Strike 1-1: Ball 2-1: Called Strike 2-2: SINGLE (Groundball, P, EV 80.6 MPH) (infield hit) Stan Javier to second
|
|
Batting: RHB Armando Moreno
|
0-0: Called Strike 0-1: Ball 1-1: Called Strike 1-2: Foul Ball, location: 2F 1-2: Foul Ball, location: 2F 1-2: Strikes out swinging
|
|
Batting: LHB Fernando Vazquez
|
0-0: Foul Ball, location: 2F Balk! Stan Javier to third George Kaage to second 0-1: Ground out U3 (Groundball, 34, EV 106.9 MPH) Stan Javier scores George Kaage to third
|
|
Batting: LHB Jordan Medrano
|
0-0: Ball 1-0: Ball 2-0: Ground out 4-3 (Groundball, 4, EV 85.0 MPH)
|
| Top of the 8th over - 1 run, 1 hit, 0 errors, 1 left on base; Panama City 9 - Cabo San Lucas 0 |
| BOTTOM OF THE 8TH |
|
Cabo San Lucas Worms batting - Pitching for Panama City Capitales : LHP Chuck Dougherty
|
|
Batting: RHB Todd Smith
|
0-0: Ball 1-0: Ground out 4-3 (Groundball, 4, EV 96.3 MPH)
|
|
Batting: RHB Andrew Barbee
|
0-0: Ball 1-0: Fly out, F4 (Popup, 4MD, EV 50.6 MPH)
|
|
Batting: LHB Derwin McNealy
|
0-0: Ball 1-0: Ground out 6-3 (Groundball, 6S, EV 79.4 MPH)
|
| Bottom of the 8th over - 0 runs, 0 hits, 0 errors, 0 left on base; Panama City 9 - Cabo San Lucas 0 |
| TOP OF THE 9TH |
|
Panama City Capitales batting - Pitching for Cabo San Lucas Worms : RHP Bob Tewksbury
|
|
Batting: LHB Tony Ramirez
|
0-0: Foul Ball, location: 2F 0-1: Swinging Strike 0-2: Ball 1-2: Strikes out swinging
|
|
Batting: SHB Mark Bailey
|
0-0: Ball 1-0: Ball 2-0: Ball 3-0: Base on Balls
|
|
Batting: RHB Douglas Foster
|
0-0: Ball 1-0: Called Strike 1-1: Swinging Strike 1-2: Strikes out swinging
|
|
Batting: LHB Jessie Reid
|
0-0: Called Strike 0-1: Ball 1-1: Ball 2-1: Called Strike 2-2: Ball 3-2: Fly out, F9 (Flyball, 89D, EV 96.3 MPH)
|
| Top of the 9th over - 0 runs, 0 hits, 0 errors, 1 left on base; Panama City 9 - Cabo San Lucas 0 |
| BOTTOM OF THE 9TH |
|
Cabo San Lucas Worms batting - Pitching for Panama City Capitales : LHP Chuck Dougherty
|
|
Batting: RHB Bill Pecota
|
0-0: Called Strike 0-1: Ball 1-1: Ball 2-1: SINGLE (Groundball, 56S, EV 67.5 MPH) (infield hit)
|
|
Pinch Hitting: SHB Steve Jeltz
|
0-0: Ball 1-0: Ball 2-0: Foul Ball, location: 2F 2-1: Fielders Choice at 2nd, 4-6 (Groundball, 4S, EV 95.6 MPH)
|
|
Batting: SHB Larry Reynolds
|
0-0: Ball 1-0: Fielders Choice at 2nd, 5-4 (Groundball, 5, EV 88.8 MPH)
|
|
Batting: LHB Joseph Bruno
|
0-0: Ball 1-0: Ball 2-0: Foul Ball, location: 2F 2-1: Fly out, F8 (Flyball, 89XD, EV 101.3 MPH)
|
| Bottom of the 9th over - 0 runs, 1 hit, 0 errors, 1 left on base; Panama City 9 - Cabo San Lucas 0 |
|